 Dungeon Crawl Stone Soup version 0.28.0 (webtiles) character file.

Game seed: 14094351331266769309

51 browni3141 the Chopper (level 3, -1/33 HPs)
             Began as a Minotaur Berserker on Feb 15, 2022.
             Was a Follower of Trog.
             Killed from afar by Sigmund (6 damage)
             ... with a magic dart
             ... on level 2 of the Dungeon.
             The game lasted 00:00:57 (1606 turns).

browni3141 the Chopper (Minotaur Berserker)         Turns: 1606, Time: 00:00:58

Health: -1/33      AC:  2    Str: 23    XL:     3   Next: 58%
Magic:  2/2        EV: 12    Int:  4    God:    Trog [*.....]
Gold:   53         SH:  0    Dex:  9    Spells: 2/2 levels left

rFire   . . .      SeeInvis .   a - +0 hand axe
rCold   . . .      Faith    .   (no shield)
rNeg    . . .      Spirit   .   b - +0 animal skin
rPois   .          Reflect  .   (helmet restricted)
rElec   .          Harm     .   (no cloak)
rCorr   .          Rampage  .   (no gloves)
Will    .....                   (no boots)
Stlth   +.........              (no amulet)
HPRegen 0.11/turn               (no ring)
MPRegen 0.08/turn               (no ring)

@: on berserk cooldown, slowed, very slow
A: horns 2, retaliatory headbutt
a: Renounce Religion, Berserk


You were on level 2 of the Dungeon.
You worshipped Trog.
Trog was aware of your devotion.
You visited 1 branch of the dungeon, and saw 2 of its levels.

You collected 53 gold pieces.

Inventory:

Hand Weapons
 a - a +0 hand axe (weapon)
Armour
 b - a +0 animal skin (worn)
Scrolls
 c - 2 scrolls of identify {unknown}
 f - 2 scrolls of noise {unknown}
 h - a scroll of fog {unknown}
Potions
 d - a potion of flight {unknown}
 e - a potion of curing {unknown}
 g - a potion of mutation {unknown}
 i - a potion of attraction {unknown}


   Skills:
 + Level 4.1 Fighting
 * Level 4.3 Axes
 * Level 3.3 Armour
 - Level 2.6 Dodging


You had 2 spell levels left.
You didn't know any spells.
Your spell library was empty.

Dungeon Overview and Level Annotations

Branches:
Dungeon (2/15)

Altars:

Shops:
D:1 *   D:2 =!

Annotations:
D:2 Sigmund


Innate Abilities, Weirdness & Mutations

You have a pair of horns on your head.
You reflexively headbutt those who attack you in melee.


Message History

Sigmund points at you and mumbles some strange words.
The magic dart hits you!
* * * LOW HITPOINT WARNING * * *
You hit Sigmund but do no damage.
Sigmund is almost dead.
Sigmund points at you and mumbles some strange words.
You are confused.
Sigmund completely misses you.
Are you sure you want to stumble around while confused and next to deep water while your transformation is expiring? [Y]es or [N]o only, please.
Are you sure you want to stumble around while confused and next to deep water while your transformation is expiring? [Y]es or [N]o only, please.
Are you sure you want to stumble around while confused and next to deep water while your transformation is expiring?
You barely miss Sigmund.
Sigmund is almost dead.
Sigmund misses you.
Unknown command.
Are you sure you want to stumble around while confused and next to deep water while your transformation is expiring? [Y]es or [N]o only, please.
Are you sure you want to stumble around while confused and next to deep water while your transformation is expiring? [Y]es or [N]o only, please.
Are you sure you want to stumble around while confused and next to deep water while your transformation is expiring? [Y]es or [N]o only, please.
Are you sure you want to stumble around while confused and next to deep water while your transformation is expiring?
You closely miss Sigmund.
Sigmund is almost dead.
Sigmund misses you.
Are you sure you want to stumble around while confused and next to deep water while your transformation is expiring?
You hit Sigmund but do no damage.
Sigmund is almost dead.
You feel less batty.
Your +0 hand axe unmelds from your body.
Your +0 animal skin unmelds from your body.
Sigmund misses you.
You hit Sigmund.
Sigmund is almost dead.
You feel less confused. Sigmund gestures at you while chanting.
The magic dart hits you.
You die...

########### ######
#.........# #....#
#.........# #....#
#.>.......# #....#
#.........# ##.(..#
#######....#####.....##
###>.............≈......+
......###.......≈@≈....##
......# #......≈@..≈...#
......# #....#≈..∩..≈###
.(....# #....#.≈...≈.....
......# #....#..≈.≈.......
......# #....#...≈........
......###....#####.....###
........+....+ ........
......###....# #.....##
......# .....#


You could see Sigmund.

Vanquished Creatures
  2 adders (D:2)
  A worm (D:2)
  A ball python (D:1)
  3 endoplasms
  A giant cockroach (D:1)
  3 goblins
  A hobgoblin (D:1)
  3 quokkas (D:1)
  6 bats
  2 frilled lizards (D:1)
  2 kobolds (D:1)
  5 rats
30 creatures vanquished.

Notes
Turn   | Place    | Note
-------+----------+-------------------------------------------
     0 | D:1      | browni3141 the Minotaur Berserker began the quest for the
                  | Orb.
     0 | D:1      | Reached XP level 1. HP: 19/19 MP: 0/0
    68 | D:1      | Found Tot Juagh's General Store.
   211 | D:1      | Reached XP level 2. HP: 25/27 MP: 1/1
  1079 | D:2      | Found Jiavebb's Jewellery Boutique.
  1089 | D:2      | Reached XP level 3. HP: 7/33 MP: 2/2
  1090 | D:2      | Reached ** piety under Trog
  1562 | D:2      | Found Qeytiep's Distillery.
  1567 | D:2      | Noticed Sigmund
  1606 | D:2      | Killed from afar by Sigmund

Illustrated notes

Levels and vault maps discovered:
D:1:      dpeg_arrival_signposts, layout_loops_ring, serial_shops, shop
D:2:      layout_basic, shapermc_ecumenical_altar_venn, serial_shops,
          nicolae_diamond_shop, nicolae_shop_advertising_works
          [nicolae_subvault_shop_adworks], shop, shop_statue, uniq_jessica,
          uniq_sigmund

Skill      XL: |  1  2 |
---------------+-------+-----
Axes           | 4 |  4.3
Fighting       | 4 |  4.1
Armour         | 3 |  3.3
Dodging        | |  2.6

Action                   || total
-------------------------++-------
Melee: Hand axe          ||    60
       Headbutt          ||     7
       Unarmed           ||    15
       Punch             ||     1
Invok: Berserk           ||     2
 Stab: Sleeping          ||     1
Armor: Animal skin       ||    11
Dodge: Dodged            ||    63
